 Dungeon Crawl Stone Soup version 0.23-a0-577-g2b1de94 (webtiles) character file.

61125 KernelPanic the Warrior (level 14, -19/202 HPs)
             Began as a Minotaur Berserker on Dec 13, 2018.
             Was a High Priest of Trog.
             Demolished by an orc warrior
             ... wielding a +0 halberd
             ... led by an orc warlord
              (21 damage)
             ... on level 10 of the Dungeon on Dec 14, 2018.
             The game lasted 00:57:37 (21151 turns).

KernelPanic the Warrior (Minotaur Berserker)       Turns: 21151, Time: 00:57:38

Health: -19/202    AC: 27    Str: 27    XL:     14   Next: 59%
Magic:  0/4        EV:  2    Int:  4    God:    Trog [*****.]
Gold:   789        SH:  0    Dex: 10    Spells: 13/13 levels left

rFire    x . .     SeeInvis .   Q - +3 executioner's axe (antimagic)
rCold    + . .     Gourm    +   (shield currently unavailable)
rNeg     + + +     Faith    .   (armour currently unavailable)
rPois    +         Spirit   .   (helmet currently unavailable)
rElec    .         Reflect  .   (cloak currently unavailable)
rCorr    .         Harm     .   (gloves currently unavailable)
MR       +++..     NoTele   +   (boots currently unavailable)
Stlth    +.........             y - amulet of the gourmand
HPRegen  1.43/turn              O - +5 ring of evasion
MPRegen  0.09/turn              x - ring of ice

@: tree-form, berserk cooldown, regenerating, slowed, studying Armour, drained,
very slow
A: (retaliatory headbutt)
a: Berserk, Trog's Hand, Brothers in Arms, Renounce Religion


You were on level 10 of the Dungeon.
You worshipped Trog.
Trog was extremely pleased with you.
You were not hungry.
You were a tree.
You visited 4 branches of the dungeon, and saw 20 of its levels.

You collected 1149 gold pieces.
You spent 360 gold pieces at shops.

Inventory:

Hand Weapons
 a - a +0 hand axe
 v - a +0 war axe
 I - a +6 battleaxe
 J - a +1 war axe of holy wrath
 Q - a +3 antimagic executioner's axe (weapon)
Armour
 b - a +0 animal skin
 i - a scarf of spirit shield (melded)
 l - a +0 cloak
 p - a +0 chain mail
 q - a +1 pair of boots (melded)
 z - a +0 plate armour
 F - a +2 crystal plate armour (melded)
 R - a +2 pair of gloves (melded)
Jewellery
 x - a ring of ice (right branch)
 y - an amulet of the gourmand (around neck)
 C - the ring "Vycepp" {*Slow +Inv rN+ Int+4 Dex+7}
   (You took it off an orc on level 9 of the Dungeon)

   [ring of positive energy]

   It affects your intelligence (+4).
   It affects your dexterity (+7).
   It protects you from negative energy.
   It lets you turn invisible.
   It may slow you when you take damage.
 G - an uncursed ring of resist corrosion
 O - a +5 ring of evasion (left branch)
 V - a +1 ring of protection
Wands
 k - a wand of polymorph (10)
 m - a wand of random effects (15)
 E - a wand of flame (23)
 L - a wand of iceblast (13)
 P - a wand of acid (40)
Scrolls
 d - 2 scrolls of noise
 g - 5 scrolls of teleportation
 o - 3 scrolls of fear
 B - 6 scrolls of remove curse
 X - a scroll of fog
Potions
 e - 6 potions of haste
 f - 5 potions of agility
 h - 2 potions of ambrosia {unknown}
 j - 3 potions of flight
 n - 6 potions of lignification
 r - 2 potions of invisibility
 u - 6 potions of curing
 A - 3 potions of resistance
 D - a potion of mutation {unknown}
 N - a potion of might
 T - 3 potions of heal wounds
 W - a potion of brilliance
 Y - a potion of berserk rage {unknown}
Books
 s - a manual of Armour
Miscellaneous
 w - a phantom mirror
Comestibles
 c - 30 rations


   Skills:
 + Level 15.3(15.0) Fighting
 + Level 15.3(15.0) Axes
 + Level 15.1(14.8) Armour
 + Level 14.0(13.8) Dodging


You had 13 spell levels left.
You didn't know any spells.
Your spell library was empty.

Dungeon Overview and Level Annotations

Branches:
Dungeon (12/15)            Temple (1/1) D:4            Lair (6/6) D:9
 Shoals (0/4) Lair:2        Snake (0/4) Lair:4        Slime (0/5) Lair:6
    Orc (1/2) D:10

Altars:
Ashenzari
Cheibriados
Dithmenos
Elyvilon
Fedhas
Gozag
Hepliaklqana
Kikubaaqudgha
Makhleb
Nemelex Xobeh
Okawaru
Qazlal
Ru
Sif Muna
Trog
Uskayaw
Vehumet
Wu Jian
Xom
Yredelemnul
Zin
The Shining One

Shops:
D:9 %   D:10 *

Annotations:
D:11 1 runed door, feelmyfire's ghost, journeyman TrWr


Innate Abilities, Weirdness & Mutations

((You reflexively headbutt those who attack you in melee.))
((You have a pair of horns on your head.))


Message History

Your +1 pair of boots melds into your body.
Your +2 crystal plate armour melds into your body.
You feel strangely alone.
Your roots penetrate the ground.
The orc warrior hits you from afar with a +0 halberd.
* * * LOW HITPOINT WARNING * * *
The orc warlord hits you but does no damage.
The orc warrior hits you but does no damage.
The orc warrior hits you from afar with a +0 glaive!
* * * LOW HITPOINT WARNING * * *
You hit the orc warlord but do no damage.
The orc warlord is almost dead.
You slash the orc warrior!
The orc warrior hits you from afar with a +0 halberd!
* * * LOW HITPOINT WARNING * * *
The orc warlord completely misses you.
The orc warrior hits you with a +0 long sword!
* * * LOW HITPOINT WARNING * * *
The orc warrior barely misses you.
The orc warrior hits you from afar with a +0 halberd!!
You die...

...##...#..#..[##..#.............
...###........###.##.............
....####....####..##.(....#.#####
....###########..###....#.#.#
.......######...## #....#.#.#
#####.........### #..#.#.#.#
#####.........# #..#<#+#'####
..............######..##.......#
......##########♣#o....'.......#
......# #ooo#####.......# ......#
###o....'.......# ......#
#######.......## ......#
#.......#. ......# #.......#.
......# ###...###. ......# #...#
## ......# #...#


You could see an orc warlord and 3 orc warriors.

Vanquished Creatures
  Rupert (D:12)
  Gastronok (Lair:2)
  A frost giant (D:11)
  A dire elephant (Lair:6)
  An ettin (D:11)
  A fire dragon (Lair:6)
  Fannar (Lair:3)
  Harold (D:7)
  3 two-headed ogres
  A catoblepas (Lair:6)
  9 hydras
  6 death yaks
  Sonja (Lair:4)
  A skeletal warrior (D:11)
  A swamp dragon (Lair:6)
  A lindwurm (Lair:6)
  3 manticores
  7 black mambas
  Joseph (D:7)
  2 elephants (Lair:6)
  10 spiny frogs
  A torpor snail (Lair:2)
  A gargoyle (D:10)
  6 komodo dragons
  2 kobold demonologists (D:11)
  5 rime drakes
  A troll (D:9)
  3 meliai (Lair:6)
  A queen bee (Lair:6)
  A hornet (D:9)
  2 polar bears
  8 blink frogs
  3 dream sheep (Lair:6)
  13 hippogriffs
  Sigmund (D:6)
  A shadow (D:11)
  47 yaks
  4 basilisks (Lair:6)
  2 hungry ghosts (D:11)
  2 steam dragons (Lair:6)
  An acid dragon (Lair:6)
  3 nagas (Lair:4)
  3 swamp drakes (Lair:6)
  8 water moccasins
  8 porcupines
  3 ice beasts
  6 orc warriors
  3 black bears (D:8)
  2 phantoms
  6 sky beasts
  An eye of draining (D:9)
  5 ogres
  17 wolves
  12 crocodiles
  A centaur (D:5)
  6 big kobolds
  11 bullfrogs
  A water moccasin zombie (D:6)
  5 scorpions
  2 wyvern skeletons
  25 killer bees
  4 howler monkeys
  14 wights
  2 electric eels (Lair:1)
  4 crimson imps
  A centaur zombie (D:6)
  A quasit (D:12)
  5 jellies
  A centaur skeleton (D:10)
  8 orc priests
  7 hounds
  5 orc wizards
  A bullfrog skeleton (D:9)
  6 iguanas
  Natasha (thrice) (D:4)
  6 worker ants
  A killer bee zombie (D:8)
  A hound skeleton (D:10)
  3 worker ant zombies
  9 adders
  A howler monkey skeleton (D:6)
  5 shadow imps
  6 oozes
  An adder zombie (D:5)
  An adder skeleton (D:9)
  A worm (D:3)
  A dart slug (D:3)
  14 leopard geckos
  47 orcs
  2 ball pythons
  3 giant cockroaches
  7 goblins
  6 hobgoblins
  11 jackals
  18 kobolds
  5 quokkas
  A bat (D:1)
  7 frilled lizards
  A quokka skeleton (D:4)
  A quokka zombie (D:6)
  10 rats
  A bush (Lair:6)
  9 fungi
  8 plants
536 creatures vanquished.

Vanquished Creatures (collateral kills)
  A stone giant (D:11)
  Snorg (Lair:5)
2 creatures vanquished.

Vanquished Creatures (others)
  An orc priest (D:4)
  2 orcs (D:4)
  5 fungi
  5 plants (Lair:6)
13 creatures vanquished.

Grand Total: 551 creatures vanquished

Notes
Turn   | Place    | Note
-------+----------+-------------------------------------------
     0 | D:1      | KernelPanic the Minotaur Berserker began the quest for the
                  | Orb.
     0 | D:1      | Reached XP level 1. HP: 19/19 MP: 0/0
   579 | D:1      | Reached XP level 2. HP: 26/27 MP: 1/1
  1337 | D:2      | Reached XP level 3. HP: 33/33 MP: 2/2
  1963 | D:2      | Found a sacrificial altar of Ru.
  2244 | D:3      | Found a snail-covered altar of Cheibriados.
  2257 | D:3      | Reached XP level 4. HP: 32/40 MP: 3/3
  2807 | D:3      | Reached ** piety under Trog
  2821 | D:3      | Found a hazy altar of Hepliaklqana.
  3355 | D:4      | Noticed a phantom
  3382 | D:4      | Killed a phantom
  3382 | D:4      | Reached XP level 5. HP: 35/47 MP: 4/4
  3465 | D:4      | Reached skill level 5 in Fighting
  3465 | D:4      | Reached skill level 5 in Axes
  3523 | D:4      | Found a radiant altar of Vehumet.
  3553 | D:4      | Noticed an ogre
  3555 | D:4      | Killed an ogre
  3555 | D:4      | Reached XP level 6. HP: 28/56 MP: 5/5
  3818 | D:4      | Found a staircase to the Ecumenical Temple.
  3931 | D:4      | Upgraded the game from 0.23-a0-565-g3e74e4c to
                  | 0.23-a0-577-g2b1de94
  4050 | D:4      | Noticed Natasha
  4059 | D:4      | Killed Natasha
  4059 | D:4      | Reached skill level 5 in Armour
  4170 | D:4      | Noticed Natasha
  4174 | D:4      | Killed Natasha
  4174 | D:4      | Reached XP level 7. HP: 62/62 MP: 6/6
  4206 | D:4      | Noticed Natasha
  4214 | D:4      | Killed Natasha
  4432 | D:5      | Entered Level 5 of the Dungeon
  4486 | D:5      | Reached skill level 5 in Dodging
  4499 | D:5      | Reached *** piety under Trog
  4565 | D:5      | Found a shattered altar of Ashenzari.
  4626 | Temple   | Entered the Ecumenical Temple
  4785 | D:5      | Found a blossoming altar of Fedhas.
  4786 | D:5      | Found an ornate altar of the Wu Jian Council.
  5330 | D:5      | Found an iron altar of Okawaru.
  5333 | D:5      | Reached XP level 8. HP: 69/71 MP: 7/7
  5418 | D:6      | Got a fabulously ornate robe
  5425 | D:6      | Identified the +2 robe of the Burgomaster {Int+4} (You
                  | found it on level 6 of the Dungeon)
  5866 | D:6      | Noticed Sigmund
  5872 | D:6      | Killed Sigmund
  6115 | D:7      | Reached **** piety under Trog
  6233 | D:7      | Reached XP level 9. HP: 81/81 MP: 8/8
  6302 | D:7      | Noticed Joseph
  6302 | D:7      | Noticed Harold
  6587 | D:7      | Killed Harold
  6593 | D:7      | Killed Joseph
  6810 | D:7      | Found a shadowy altar of Dithmenos.
  7360 | D:8      | Reached XP level 10. HP: 78/91 MP: 9/9
  7552 | D:8      | Found a burning altar of Makhleb.
  8045 | D:9      | Reached ***** piety under Trog
  8223 | D:9      | Noticed a death yak
  8229 | D:9      | Reached skill level 10 in Fighting
  8229 | D:9      | Reached skill level 10 in Axes
  8232 | D:9      | Killed a death yak
  8235 | D:9      | Noticed a death yak
  8237 | D:9      | Noticed a death yak
  8240 | D:9      | Reached skill level 10 in Armour
  8255 | D:9      | Killed a death yak
  8258 | D:9      | Killed a death yak
  8258 | D:9      | Reached XP level 11. HP: 7/101 MP: 10/10
  8646 | D:9      | Identified the +5 shortbow of Judgement {speed, +Blink
                  | Str+2 Dex+6}
  8646 | D:9      | Identified the ring "Vycepp" {*Slow +Inv rN+ Int+4 Dex+7}
  8656 | D:9      | Found a staircase to the Lair.
  8771 | D:9      | Received a gift from Trog
  9048 | D:9      | Found Bisek's Food Shop.
  9068 | D:9      | Bought a ration for 60 gold pieces
  9068 | D:9      | Bought a ration for 60 gold pieces
  9068 | D:9      | Bought a ration for 60 gold pieces
  9068 | D:9      | Bought a ration for 60 gold pieces
  9068 | D:9      | Bought a ration for 60 gold pieces
  9068 | D:9      | Bought a ration for 60 gold pieces
  9519 | D:10     | Entered Level 10 of the Dungeon
  9600 | D:10     | Reached skill level 10 in Dodging
  9612 | D:10     | Noticed a two-headed ogre
  9622 | D:10     | Killed a two-headed ogre
  9827 | D:10     | Identified the +1 robe of Mutualism {Stlth+} (You found it
                  | on level 10 of the Dungeon)
 10138 | D:10     | Found a staircase to the Orcish Mines.
 10195 | D:10     | Found Rangan's Assorted Antiques.
 10675 | D:11     | Found a runed door.
 10694 | D:11     | Noticed feelmyfire's ghost (journeyman TrWr)
 11170 | D:11     | Found a runed door.
 11170 | D:11     | Noticed a skeletal warrior
 11183 | D:11     | Killed a skeletal warrior
 11189 | D:11     | Noticed an ettin
 11557 | D:11     | Killed an ettin
 11659 | D:11     | Noticed a frost giant
 11660 | D:11     | Noticed a stone giant
 11668 | D:11     | Killed a stone giant
 11704 | D:11     | Noticed a two-headed ogre
 11810 | D:11     | Killed a two-headed ogre
 12014 | D:11     | Killed a frost giant
 12014 | D:11     | Reached XP level 12. HP: 97/112 MP: 11/11
 12394 | D:12     | Noticed Rupert
 12412 | D:12     | Killed Rupert
 12461 | D:12     | Noticed a two-headed ogre
 12518 | D:12     | Killed a two-headed ogre
 12971 | Lair:1   | Entered Level 1 of the Lair of Beasts
 12977 | Lair:1   | Noticed a five-headed hydra
 13004 | Lair:1   | Killed a seven-headed hydra
 13168 | Lair:1   | Noticed a seven-headed hydra
 13179 | Lair:1   | Killed a 14-headed hydra
 14090 | Lair:2   | Identified a scroll of acquirement
 14171 | Lair:2   | Found a staircase to the Shoals.
 14258 | Lair:2   | Noticed a six-headed hydra
 14271 | Lair:2   | Killed a 12-headed hydra
 14285 | Lair:2   | HP: 5/115 [poisoned by a water moccasin]
 14290 | Lair:2   | HP: 4/115 [poisoned by a water moccasin]
 14296 | Lair:2   | HP: 3/115 [poisoned by a water moccasin]
 14302 | Lair:2   | HP: 4/115 [poisoned by a water moccasin]
 14613 | Lair:2   | Reached XP level 13. HP: 107/122 MP: 12/12
 14865 | Lair:2   | Noticed Gastronok
 14878 | Lair:2   | Killed Gastronok
 15699 | Lair:3   | Noticed Fannar
 15711 | Lair:3   | Killed Fannar
 16541 | Lair:4   | Found a staircase to the Snake Pit.
 16547 | Lair:4   | Noticed Sonja
 16593 | Lair:4   | Killed Sonja
 17429 | Lair:5   | Identified the cursed ring "Ituos" {EV-3 Str+2} (You found
                  | it on level 5 of the Lair of Beasts)
 17548 | Lair:5   | Received a gift from Trog
 18368 | Lair:5   | Noticed Snorg
 18374 | Lair:5   | Killed Snorg
 18637 | Lair:6   | Entered Level 6 of the Lair of Beasts
 18696 | Lair:6   | Reached XP level 14. HP: 118/133 MP: 4/13
 18732 | Lair:6   | Found a staircase to the Slime Pits.
 20255 | Lair:6   | Reached skill level 15 in Fighting
 20387 | Lair:6   | Reached skill level 15 in Axes
 20420 | Lair:6   | Reached ****** piety under Trog
 20604 | Lair:6   | Received a gift from Trog
 20604 | Lair:6   | Reached skill level 15 in Armour
 21116 | Orc:1    | Entered Level 1 of the Orcish Mines
 21120 | Orc:1    | Noticed an orc warlord
 21151 | D:10     | HP: 2/202 [orc warrior/+0 long sword (11)]
 21151 | D:10     | Demolished by an orc warrior

Vault maps used:
D:1:      dpeg_arrival_ratfight, minmay_misc_feat_more_columns,
          minmay_tree_intersection, kennysheep_flooded_box
D:2:      wander_river, marbit_many_paths
D:3:      lemuel_doored_altar, kennysheep_slug_shrine, first_ration
D:4:      fiery_altar_vehumet, minmay_temple_entry_drinking_statues,
          uniq_natasha
D:5:      lemuel_crystal_altar, grunt_temple_overflow_open,
          okawaru_altar_gauntlet_db
D:6:      palyth_stone_intersect, uniq_sigmund
D:7:      lemuel_crystal_altar, minmay_fountain_box, uniq_joseph, uniq_harold
D:8:      lemuel_coloured_pillars_altar, grunt_pizzeria, grunt_tough_drop
D:9:      dpeg_lair_monsters, serial_shops, nicolae_shop_window_shopping
D:10:     orc_0_dummy, serial_shops, shop, minmay_mirror_moons_of_madness
D:11:     ebering_ghost_reflecting_pool, nrook_campfire, minivault_13
D:12:     serial_shops, shop_fountains, basic_altar, grunt_decor_clamped,
          uniq_rupert
Temple:   dshaligram_water_room_temple
Lair:1:   grunt_megastairs_1, infiniplex_staircase_pool, serial_bayou_shore_a
Lair:2:   elwin_shoals_entry_rocks, uniq_gastronok
Lair:3:   lemuel_fruit_fields, uniq_fannar
Lair:4:   guppyfry_snake_entry_island, uniq_sonja
Lair:5:   wad_woods_structure_01, uniq_snorg
Lair:6:   guppyfry_lair_end_dragon, hangedman_lair_in_review,
          nicolae_slime_entry_slimehenge, special_room
Orc:1:    portal_ice_cave_entry_ice_beasts

Skill      XL: |  1  2  3  4  5  6  7  8  9 10 11 12 13 14 |
---------------+-------------------------------------------+-----
Axes           | 4 5 6 7 9 10 12 13 14 15 | 15.3
Fighting       | 4 5 6 7 9 10 12 13 14 15 | 15.3
Armour         | 3 4 5 6 7 9 10 12 13 14 15 | 15.1
Dodging        | 3 4 5 6 8 9 11 12 13 14 | 14.0

Action                   |  1- 3 |  4- 6 |  7- 9 | 10-12 | 13-15 || total
-------------------------+-------+-------+-------+-------+-------++-------
Melee: Hand axe          |    72 |    48 |       |       |       ||   120
       Headbutt          |     6 |    17 |    48 |    75 |   113 ||   259
       War axe           |       |    42 |   193 |       |       ||   235
       Battleaxe         |       |       |    36 |   394 |   199 ||   629
       Executioner's axe |       |       |       |       |   249 ||   249
Invok: Berserk           |       |     1 |     5 |    15 |    13 ||    34
       Trog's Hand       |       |       |     1 |     5 |     5 ||    11
       Brothers in Arms  |       |       |     1 |     1 |     1 ||     3
  Use: Scroll            |     1 |     4 |    12 |    13 |    17 ||    47
       Potion            |     1 |       |       |     9 |     1 ||    11
  Eat: Chunk             |     4 |       |    18 |    29 |    28 ||    79
       Ration            |       |     2 |     2 |     5 |     2 ||    11
Armor: Animal skin       |    13 |       |       |       |       ||    13
       Chain mail        |    10 |    43 |    97 |       |       ||   150
       Plate armour      |       |       |    61 |    15 |       ||    76
       Crystal plate arm |       |       |       |   410 |   606 ||  1016
       Skin              |       |       |       |       |     2 ||     2
Dodge: Dodged            |    44 |    33 |   170 |   250 |   707 ||  1204

Table legend:
 A = Non-vault XP
 B = Vault XP
 C = Vault XP percentage of total XP
 D = Non-vault monster count
 E = Vault monster count
 F = Vault count percentage of total count
                 A         B        C        D         E       F
            +---------+---------+-------+---------+---------+-------
      Total |   46709 |   40613 |  46.5 |     391 |     129 |  24.8
            +---------+---------+-------+---------+---------+-------
        D:1 |      27 |       5 |  15.6 |      15 |       5 |  25.0
        D:2 |      46 |      14 |  23.3 |       8 |       1 |  11.1
        D:3 |      74 |       4 |   5.1 |      24 |       1 |   4.0
        D:4 |     683 |      35 |   4.9 |      19 |       1 |   5.0
        D:5 |     537 |      15 |   2.7 |      21 |       6 |  22.2
        D:6 |     913 |     212 |  18.8 |      20 |       1 |   4.8
        D:7 |     276 |    1356 |  83.1 |      11 |       2 |  15.4
        D:8 |    1714 |     427 |  19.9 |      32 |       5 |  13.5
        D:9 |    2732 |    3851 |  58.5 |      41 |       9 |  18.0
       D:10 |    2002 |     922 |  31.5 |      23 |       6 |  20.7
       D:11 |    3344 |    4763 |  58.8 |      32 |       7 |  17.9
       D:12 |    1878 |    3043 |  61.8 |      11 |       1 |   8.3
     Lair:1 |    4574 |    1087 |  19.2 |      16 |       2 |  11.1
     Lair:2 |    8415 |    2161 |  20.4 |      32 |       1 |   3.0
     Lair:3 |    4606 |    1017 |  18.1 |      19 |       1 |   5.0
     Lair:4 |    4442 |    1276 |  22.3 |      21 |       4 |  16.0
     Lair:5 |    3353 |    2605 |  43.7 |      18 |       9 |  33.3
     Lair:6 |    6960 |   17820 |  71.9 |      23 |      67 |  74.4
      Orc:1 |     133 |       0 |   0.0 |       5 |       0 |   0.0
            +---------+---------+-------+---------+---------+-------
